 Dungeon Crawl Stone Soup version 0.29.0-5-ge4962eb29e (webtiles) character file.

Game seed: 17198962516226836509

338 nickcage the Cleaver (level 6, -1/50 HPs)
             Began as a Minotaur Gladiator on Aug 29, 2022.
             Slain by a water moccasin (3 damage)
             ... in a sewer.
             The game lasted 00:04:39 (1454 turns).

nickcage the Cleaver (Minotaur Gladiator)           Turns: 1454, Time: 00:04:40

Health: -1/50      AC:  7    Str: 21    XL:     6   Next: 29%
Magic:  5/5        EV: 10    Int:  5    God:
Gold:   54         SH:  0    Dex: 11    Spells: 5/5 levels left

rFire   . . .      SeeInvis .   a - +0 war axe
rCold   . . .      Faith    .   (no shield)
rNeg    . . .      Spirit   .   n - +0 scale mail
rPois   .          Reflect  .   c - +0 hat
rElec   .          Harm     .   (no cloak)
rCorr   .          Rampage  .   f - +0 pair of gloves
Will    .....                   (no boots)
Stlth   ..........              (no amulet)
HPRegen 0.16/turn               (no ring)
MPRegen 0.09/turn               (no ring)

@: lethally poisoned (-1 -> -22)
A: horns 2, retaliatory headbutt
a: no special abilities


You were in a sewer.
You visited 1 branch of the dungeon, and saw 3 of its levels.
You also visited: Sewer.

You collected 54 gold pieces.

Inventory:

Hand Weapons
 a - a +0 war axe (weapon)
Missiles
 d - 2 throwing nets (quivered)
Armour
 b - a +0 leather armour
 c - a +0 hat (worn)
 f - a +0 pair of gloves (worn)
 n - a +0 scale mail (worn)
Scrolls
 g - a scroll of teleportation {unknown}
 i - 2 scrolls of identify {unknown}
 l - a scroll of butterflies {unknown}
Potions
 h - a potion of cancellation {unknown}
 j - 3 potions of berserk rage
 k - a potion of degeneration {unknown}
 m - a potion of resistance {unknown}
 o - a potion of lignification {unknown}


   Skills:
 - Level 2.4 Fighting
 + Level 8.6 Axes
 - Level 2.0 Throwing
 - Level 3.2 Dodging


You had 5 spell levels left.
You didn't know any spells.
Your spell library contained the following spells:

 Spells                   Type           Power      Damage    Failure   Level
 Blink                    Tloc           0%         N/A       93%         2
 Manifold Assault         Tloc           0%         N/A       100%        5
 Storm Form               Tmut/Air       0%         N/A       100%        7


Dungeon Overview and Level Annotations

Branches:
Dungeon (4/15)              Sewer (1/1)
 Temple: D:4-7

Altars:


Innate Abilities, Weirdness & Mutations

You have a pair of horns on your head.
You reflexively headbutt those who attack you in melee.


Message History

The water moccasin poisons you!
You miss the water moccasin.
The water moccasin is moderately wounded.
You feel very sick. The water moccasin bites you.
You barely miss the water moccasin.
The water moccasin is moderately wounded.
You feel sick.
The water moccasin bites you but does no damage.
The water moccasin bites you.
You are more poisoned.
The water moccasin poisons you!
You barely miss the water moccasin.
The water moccasin is moderately wounded.
You feel very sick. The water moccasin bites you.
You closely miss the water moccasin.
Your headbutt misses the water moccasin.
The water moccasin is moderately wounded.
You feel very sick.
The water moccasin bites you but does no damage.
The water moccasin misses you.
You miss the water moccasin.
The water moccasin is moderately wounded.
You feel very sick. The water moccasin barely misses you.
You barely miss the water moccasin.
The water moccasin is moderately wounded.
* * * LOW HITPOINT WARNING * * *
You feel very sick. The water moccasin bites you.
* * * LOW HITPOINT WARNING * * *
You are more poisoned.
The water moccasin poisons you! The water moccasin barely misses you.
You hit the water moccasin.
The water moccasin is moderately wounded.
* * * LOW HITPOINT WARNING * * *
You feel very sick. The water moccasin bites you.
You die...

#.# #.# #.#
####### #.#
##.....## #.#
##...≈...#
#.#######...≈≈≈...
#..........≈≈≈≈≈.∩
#.#######...≈≈≈.†.
#@# ##...≈...# #S#
##.....## #.#
####### ... ...
..... ..(..
.......


You could see a water moccasin.

Vanquished Creatures
  A sky beast (D:4)
  A jelly (D:4)
  3 orc priests (D:4)
  A hound (D:4)
  2 orc wizards (D:4)
  A worm (D:2)
  An orc (D:4)
  4 ball pythons
  3 endoplasms
  3 giant cockroaches (D:4)
  4 hobgoblins
  4 jackals (D:1)
  9 bats
  8 goblins
  2 kobolds (D:1)
  A rat (D:4)
48 creatures vanquished.

Notes
Turn   | Place    | Note
-------+----------+-------------------------------------------
     0 | D:1      | nickcage the Minotaur Gladiator began the quest for the
                  | Orb.
     0 | D:1      | Reached XP level 1. HP: 18/18 MP: 0/0
   126 | D:1      | Reached skill level 4 in Axes
   240 | D:1      | Reached XP level 2. HP: 25/25 MP: 1/1
   455 | D:1      | Reached skill level 5 in Axes
   569 | D:2      | Reached XP level 3. HP: 30/30 MP: 2/2
   750 | D:2      | Noticed an eye of devastation
   751 | D:2      | Found a faded altar of an unknown god.
   753 | D:2      | Noticed a great orb of eyes
   753 | D:2      | Noticed a great orb of eyes
   753 | D:2      | Noticed a shining eye
   873 | D:2      | You fall into a shaft and drop 2 floors!
   895 | D:4      | Reached XP level 4. HP: 32/37 MP: 3/3
   963 | D:4      | Reached skill level 6 in Axes
  1120 | D:4      | Noticed a sky beast
  1132 | D:4      | Killed a sky beast
  1133 | D:4      | Reached skill level 7 in Axes
  1133 | D:4      | Reached XP level 5. HP: 33/42 MP: 4/4
  1143 | D:4      | Reached skill level 8 in Axes
  1210 | D:4      | Reached XP level 6. HP: 30/50 MP: 5/5
  1291 | D:4      | Found a glowing drain.
  1307 | Sewer    | Entered a sewer
  1443 | Sewer    | Noticed a water moccasin
  1454 | Sewer    | HP: 2/50 [poisoned by a water moccasin]
  1454 | Sewer    | Slain by a water moccasin

Illustrated notes

Levels and vault maps discovered:
D:1:      denvon_arrival_waterhouse, layout_rooms, kennysheep_decorative_pillar
D:2:      layout_loops_ring, hellmonk_ecumenical_altar_watching_god,
          kennysheep_minor_cross
D:4:      layout_loops_ring, cheibrodos_sewer_entry_drain,
          minmay_misc_feat_enclosed, minmay_misc_feat_chi
Sewer:    sewer_big_baddie

Skill      XL: |  1  2  3  4  5 |
---------------+----------------+-----
Axes           | 4 5 7 8 |  8.6
Fighting       | |  2.4
Throwing       | |  2.0
Dodging        | |  3.2

Action                   |  1- 3 |  4- 6 || total
-------------------------+-------+-------++-------
Melee: War axe           |    41 |    50 ||    91
       Headbutt          |     6 |     9 ||    15
       Punch             |       |     1 ||     1
Throw: Throwing net      |       |     1 ||     1
       Javelin           |       |     1 ||     1
Armor: Leather armour    |    12 |       ||    12
       Scale mail        |     1 |    35 ||    36
Dodge: Dodged            |    34 |    29 ||    63
